 Dungeon Crawl Stone Soup version 0.32-a0-560-g4c7f4391e0 (webtiles) character file.

Game seed: 476018437393823148

204 ezpacito the Trooper (level 5, -3/41 HPs)
             Began as a Demonspawn Chaos Knight on Feb 29, 2024.
             Was a Plaything of Xom.
             Slain by a basilisk (7 damage)
             ... on level 6 of the Dungeon.
             The game lasted 00:05:04 (1868 turns).

ezpacito the Trooper (Demonspawn Chaos Knight)      Turns: 1868, Time: 00:05:05

Health: -3/41      AC: 10    Str: 15    XL:     5   Next: 52%
Magic:  7/7        EV:  6    Int: 12    God:    Xom [......]
Gold:   166        SH:  0    Dex: 12    Spells: 7/7 levels left

rFire   . . .        a - +0 hand axe (chaos)
rCold   . . .        (no shield)
rNeg    . . .        b - +2 leather armour
rPois   .            (no helmet)
rElec   .            r - +2 cloak
rCorr   .            (no gloves)
SInv    .            (no boots)
Will    .....        (no amulet)
Stlth   +            (no ring)
HPRegen 0.26/turn    (no ring)
MPRegen 0.10/turn

%: no passive effects
@: petrifying (expiring), very slow
A: icy blue scales 1, powered by death 1
a: Renounce Religion


You were on level 6 of the Dungeon.
You worshipped Xom.
You were a very special plaything of Xom.
You visited 1 branch of the dungeon, and saw 4 of its levels.

You collected 166 gold pieces.

Inventory:

Hand Weapons
 a - a +0 hand axe of chaos (weapon)
Missiles
 s - 3 poisoned darts (quivered)
Armour
 b - a +2 leather armour (worn)
 h - an orb of guile
 r - a +2 cloak (worn)
Talismans
 g - a flux talisman
 k - a storm talisman
Scrolls
 f - 2 scrolls of vulnerability
 j - a scroll of fog
Potions
 l - a potion of attraction
 q - 2 potions of curing


   Skills:
 * Level 3.6 Fighting
 * Level 3.4(3.5) Axes
 + Level 1.0(2.3) Polearms
 * Level 2.5 Armour
 * Level 1.8 Dodging
 + Level 1.1 Stealth
 * Level 1.3 Unarmed Combat
 * Level 1.6 Spellcasting


You had 7 spell levels left.
You didn't know any spells.
Your spell library contained the following spells:

 Spells                   Type           Power      Damage    Failure   Level
 Kiss of Death            Conj/Necr      0%         2d5       34%         1
 Confusing Touch          Hex            0%         N/A       71%         3
 Dispel Undead            Necr           0%         3d6       98%         4


Dungeon Overview and Level Annotations

Branches:
Dungeon (3/15)

Altars:

Annotations:
D:3 Natasha


Innate Abilities, Weirdness & Mutations

You are partially covered in icy blue scales. (AC +2)
You regenerate a little health from kills.


Message History

The magic dart hits you.
You take 3 damage, and have 23/41 hp.
You closely miss Sigmund.
Sigmund is moderately wounded.
Sigmund hits you with a +0 scythe.
You take 2 damage, and have 21/41 hp.
You slash Sigmund! You burn Sigmund.
Sigmund is heavily wounded.
Sigmund closely misses you.
You slash Sigmund!
Sigmund is severely wounded.
You barely miss Sigmund.
Sigmund is severely wounded.
Sigmund barely misses you.
You closely miss Sigmund.
Sigmund is severely wounded.
Sigmund barely misses you.
You closely miss Sigmund.
Sigmund is severely wounded.
Sigmund closely misses you.
You barely miss Sigmund.
Sigmund is severely wounded.
You hit the basilisk.
Something misses the basilisk.
The basilisk gazes at you.
You are slowing down.
You hit Sigmund.
Sigmund is almost dead.
You closely miss the basilisk. Sigmund hits you with a +0 scythe.
The basilisk bites you!
* * * LOW HITPOINT WARNING * * *
Your limbs are stiffening.
You take 12 damage, and have 11/41 hp.
MASSIVE DAMAGE!!
Unknown command.
You hit Sigmund. You burn Sigmund.
You kill Sigmund!
You miss the basilisk. The basilisk bites you!
* * * LOW HITPOINT WARNING * * *
The basilisk bites you!
You die...
Xom thinks this is hilarious!

## ##ß.......§..
....##............
#..................
..................
#...............##
###....##..........
..###.....###ß.........
......)...#..##.......##
#..##@#.....#........
#.....l.......##.....
#........####.#......
#.$.....)...)..........
#...#....!..).........#
######.###........### .
........##.....#
.........#.....#
....####.).....#


You could see a basilisk.

Vanquished Creatures
  Sigmund (D:6)
  A black bear (D:6)
  An orc wizard (D:6)
  2 adders
  3 dart slugs
  A ribbon worm (D:2)
  An orc (D:6)
  9 ball pythons
  3 bats (D:1)
  3 endoplasms
  2 giant cockroaches
  6 goblins
  2 hobgoblins
  4 jackals (D:3)
  5 quokkas
  4 frilled lizards
  4 kobolds (D:1)
  A rat (D:2)
53 creatures vanquished.

Vanquished Creatures (collateral kills)
  A rat (D:2)
1 creature vanquished.

Grand Total: 54 creatures vanquished

Notes
Turn   | Place    | Note
-------+----------+-------------------------------------------
     0 | D:1      | ezpacito the Demonspawn Chaos Knight began the quest for
                  | the Orb.
     0 | D:1      | Reached XP level 1. HP: 18/18 MP: 1/1
   140 | D:1      | Reached skill level 1 in Dodging
   141 | D:1      | Gained mutation: You are partially covered in icy blue
                  | scales. (AC +2) [demonic ancestry]
   141 | D:1      | Reached XP level 2. HP: 17/24 MP: 2/2
   657 | D:1      | Reached XP level 3. HP: 29/29 MP: 4/4
   960 | D:2      | Reached skill level 1 in Spellcasting
  1339 | D:2      | XOM: silly message
  1345 | D:2      | XOM: silly message
  1619 | D:3      | Gained mutation: You regenerate a little health from kills.
                  | [demonic ancestry]
  1619 | D:3      | Reached XP level 4. HP: 35/35 MP: 5/5
  1756 | D:3      | Noticed Natasha
  1756 | D:3      | XOM: 3-stop teleportation journey
  1757 | D:3      | You fall into a shaft and drop 3 floors!
  1759 | D:6      | Noticed a black bear
  1772 | D:6      | Noticed a blink frog
  1772 | D:6      | XOM: polymorph something unseen -> blink frog
  1776 | D:6      | XOM: draining
  1789 | D:6      | Killed a black bear
  1790 | D:6      | Reached skill level 1 in Stealth
  1790 | D:6      | Reached skill level 1 in Unarmed Combat
  1790 | D:6      | Reached XP level 5. HP: 24/41 MP: 5/7
  1791 | D:6      | Reached skill level 1 in Polearms
  1848 | D:6      | a jelly changed into a basilisk
  1848 | D:6      | Noticed a basilisk
  1848 | D:6      | XOM: polymorph jelly -> basilisk
  1855 | D:6      | Noticed Sigmund
  1868 | D:6      | Killed Sigmund
  1868 | D:6      | Slain by a basilisk

Illustrated notes

Levels and vault maps discovered:
D:1:      doesnt_arrival_eight_statues, layout_basic
D:2:      layout_loops_cross, nicolae_wormholes
D:3:      layout_basic, shapermc_ecumenical_altar_notcrosses,
          minmay_divided_ellipse, uniq_natasha
D:6:      layout_cave_pools, nicolae_gozag_cash_rules_everything_around_me,
          serial_column_ruins, column_ruins_circle_medium,
          column_ruins_columns_straight, column_ruins_open_tiny,
          column_ruins_open_tiny, column_ruins_open_large, uniq_sigmund,
          uniq_jeremiah

Skill      XL: |  1  2  3  4  5 |
---------------+----------------+-----
Dodging        | 1 |  1.8
Armour         | 2 |  2.5
Axes           | 3 |  3.4
Spellcasting   | 1 |  1.6
Stealth        | 1 |  1.1
Unarmed Combat | 1 |  1.3
Polearms       | 1 |  1.0
Fighting       | |  3.6

Action                     |  1- 3 |  4- 6 || total
---------------------------+-------+-------++-------
  Melee: Hand axe          |   131 |    50 ||   181
    Use: Scroll            |     5 |     5 ||    10
         Potion            |       |     3 ||     3
 Armour: Leather armour    |   108 |    63 ||   171
         Skin              |       |    26 ||    26
  Dodge: Dodged            |    86 |    42 ||   128

Table legend: (Time is in decaauts)
 A = Elapsed time spent in this place.
 B = Non-inter-level travel time spent in this place.
 C = Inter-level travel time spent in this place.
 D = Time resting spent in this place.
 E = Time spent auto-exploring this place.
 F = Levels seen in this place.
 G = Mean time per level.
                   A        B        C        D        E       F      G
               +--------+--------+--------+--------+--------+-----+--------+
         Total |   1895 |   1745 |    150 |     51 |   1273 |   4 |  473.8 |
       Dungeon |   1895 |   1745 |    150 |     51 |   1273 |   4 |  473.8 |
               +--------+--------+--------+--------+--------+-----+--------+

Top non-repeatable levels by time:
     D:1: 913 daAuts
     D:2: 712 daAuts
     D:3: 153 daAuts
     D:6: 115 daAuts
